 Dungeon Crawl Stone Soup version 0.27.1-33-g824d729ab1 (webtiles) character file.

Game seed: 15199053771358717421

413 Fallenstar the Chopper (level 6, -1/53 HPs)
             Began as a Minotaur Fighter on Dec 20, 2021.
             Slain by Edmund (3 damage)
             ... on level 3 of the Dungeon.
             The game lasted 00:05:44 (2535 turns).

Fallenstar the Chopper (Minotaur Fighter)           Turns: 2535, Time: 00:05:45

Health: -1/53      AC:  4    Str: 23    XL:     6   Next: 59%
Magic:  0/5        EV: 12    Int:  5    God:
Gold:   148        SH: 10    Dex:  9    Spells: 5/5 levels left

rFire    . . .     SeeInvis .   a - +0 war axe
rCold    . . .     Faith    .   c - +0 kite shield
rNeg     . . .     Spirit   .   b - +0 scale mail
rPois    .         Reflect  .   (helmet restricted)
rElec    .         Harm     .   (no cloak)
rCorr    .         Rampage  .   l - +0 pair of gloves
Will     .....                  (no boots)
Stlth    ..........             (no amulet)
HPRegen  0.17/turn              h - +4 ring of evasion
MPRegen  0.09/turn              (no ring)

@: mighty, corroded
A: horns 2, retaliatory headbutt
a: no special abilities


You were on level 3 of the Dungeon.
You visited 1 branch of the dungeon, and saw 4 of its levels.

You collected 188 gold pieces.
You spent 40 gold pieces at shops.

Inventory:

Hand Weapons
 a - a +0 war axe (weapon)
Armour
 b - a +0 scale mail (worn)
 c - a +0 kite shield (worn)
 l - a +0 pair of gloves (worn)
Jewellery
 h - a +4 ring of evasion (left hand)
Wands
 j - a wand of digging (15)
Scrolls
 e - a scroll of enchant armour {unknown}
 f - 2 scrolls of noise {unknown}
 g - 3 scrolls of identify
 m - a scroll of immolation {unknown}
 n - a scroll of teleportation {unknown}
Potions
 d - a potion of might
 i - 2 potions of attraction {unknown}
 k - 2 potions of brilliance {unknown}


   Skills:
 + Level 4.5 Fighting
 + Level 5.7 Axes
 + Level 5.2 Armour
 + Level 1.6 Dodging
 + Level 0.5 Stealth
 + Level 4.9 Shields


You had 5 spell levels left.
You didn't know any spells.
Your spell library contained the following spells:

 Spells                   Type           Power      Damage    Failure   Level
 Call Canine Familiar     Summ           0%         N/A       100%        3
 Portal Projectile        Hex/Tloc       0%         N/A       100%        3
 Leda's Liquefaction      Hex/Erth       0%         N/A       100%        4
 Blade Hands              Tmut           0%         N/A       100%        5
 Irradiate                Conj/Tmut      0%         3d13      100%        5
 Dragon Form              Tmut           0%         N/A       100%        7


Dungeon Overview and Level Annotations

Branches:
Dungeon (4/15)
 Temple: D:4-7

Altars:

Shops:
D:1 ?

Annotations:
D:3 Edmund
D:4 Grinder


Innate Abilities, Weirdness & Mutations

You have a pair of horns on your head.
You reflexively headbutt those who attack you in melee.


Message History

You feel your power leaking away.
The jelly jiggles.
You slash Edmund!
Edmund is heavily wounded.
You block Edmund's attack. x2
The jelly barely misses you.
There is a stone staircase leading up here.
You block the jelly's attack.
Grinder blinks!
Edmund hits you with a +2 antimagic dire flail.
You feel your power leaking away.
You climb upwards.
There is a stone staircase leading down here.
You closely miss Edmund.
Edmund is heavily wounded.
You hit the jelly. The acid corrodes you!
Your hands burn!
The jelly hits you but does no damage.
Edmund hits you with a +2 antimagic dire flail.
You feel very mighty all of a sudden. You block the jelly's attack.
Edmund barely misses you.
You hit Edmund.
Edmund is heavily wounded.
You hit the jelly.
Your hands burn!
You block the jelly's attack. Edmund misses you. The jelly closely misses you.
You furiously retaliate!
You headbutt the jelly!!
You kill the jelly!
Edmund hits you with a +2 antimagic dire flail!
Okay, then.
You hit Edmund.
Edmund is heavily wounded.
Edmund closely misses you. You furiously retaliate!
You headbutt Edmund! You barely miss Edmund.
Edmund is severely wounded.
Edmund hits you with a +2 antimagic dire flail!
* * * LOW HITPOINT WARNING * * *
You feel your power leaking away.
You completely miss Edmund. Your headbutt misses Edmund.
Edmund is severely wounded.
Edmund barely misses you.
Edmund hits you with a +2 antimagic dire flail.
You die...

########
####......#############
#.....@@...............
#.........#########....
#.........+............
####......#########....
#......# #....
#......### #####
###'##...# ######...
#.##.).###....#...
#.##..........#...


You could see Edmund.

Vanquished Creatures
  Sigmund (D:3)
  A water moccasin zombie (D:3)
  Crazy Yiuf (D:3)
  A jelly (D:3)
  A bullfrog skeleton (D:3)
  Ijyb (D:3)
  4 adders
  A worm (D:2)
  A dart slug (D:3)
  An orc (D:3)
  3 endoplasms
  6 goblins
  4 hobgoblins
  5 jackals (D:1)
  2 quokkas (D:3)
  6 ball pythons
  7 bats
  3 frilled lizards
  3 kobolds
  2 rats (D:1)
54 creatures vanquished.

Notes
Turn   | Place    | Note
-------+----------+-------------------------------------------
     0 | D:1      | Fallenstar the Minotaur Fighter began the quest for the
                  | Orb.
     0 | D:1      | Reached XP level 1. HP: 19/19 MP: 0/0
   206 | D:1      | Found a faded altar of an unknown god.
   231 | D:1      | Reached XP level 2. HP: 24/27 MP: 1/1
   342 | D:1      | Found Ukkegoim's Magic Scroll Shoppe.
   349 | D:1      | Bought a scroll of identify for 20 gold pieces
   349 | D:1      | Bought a scroll of identify for 20 gold pieces
   877 | D:2      | Reached XP level 3. HP: 26/33 MP: 2/2
  1186 | D:3      | Noticed Ijyb
  1197 | D:3      | Killed Ijyb
  1198 | D:3      | Reached skill level 1 in Dodging
  1423 | D:3      | Reached XP level 4. HP: 40/40 MP: 3/3
  1726 | D:3      | Reached XP level 5. HP: 39/46 MP: 4/4
  1774 | D:3      | Noticed Sigmund
  1781 | D:3      | Killed Sigmund
  1782 | D:3      | Reached skill level 5 in Axes
  1782 | D:3      | Reached skill level 5 in Armour
  1782 | D:3      | Reached XP level 6. HP: 34/53 MP: 5/5
  2244 | D:3      | Found a runed translucent door.
  2245 | D:3      | Noticed Crazy Yiuf
  2252 | D:3      | Killed Crazy Yiuf
  2522 | D:4      | Noticed Grinder
  2522 | D:4      | Noticed Edmund
  2534 | D:3      | HP: 2/53 [Edmund (16)]
  2535 | D:3      | Slain by Edmund

Illustrated notes

Levels and vault maps discovered:
D:1:      dpeg_arrival_court, layout_basic, serial_shops, nicolae_diamond_shop,
          hellmonk_ecumenical_altar_inner_sanctum
D:2:      layout_rooms
D:3:      minmay_chambers_of_twos, layout_basic, minmay_misc_feat_square,
          uniq_crazy_yiuf_cottage, uniq_sigmund, uniq_ijyb
D:4:      layout_rooms, uniq_grinder, uniq_edmund, uniq_robin

Skill      XL: |  1  2  3  4  5 |
---------------+----------------+-----
Shields        | 4 |  4.9
Axes           | 3 4 5 |  5.7
Armour         | 4 5 |  5.2
Fighting       | 4 |  4.5
Dodging        | 1 |  1.6
Stealth        | |  0.5

Action                   |  1- 3 |  4- 6 || total
-------------------------+-------+-------++-------
Melee: War axe           |    64 |    52 ||   116
       Headbutt          |    10 |     9 ||    19
  Use: Potion            |       |     2 ||     2
Armor: Scale mail        |    42 |    19 ||    61
Dodge: Dodged            |    36 |    32 ||    68
Block: Kite shield       |    42 |    28 ||    70
